 Dungeon Crawl Stone Soup version 0.29.1-1-gd02db6906a (webtiles) character file.

Game seed: 17683983824322213050

19 GigaChad the Trooper (level 2, -2/27 HPs)
             Began as a Minotaur Fighter on Sept 29, 2022.
             Succumbed to a goblin's poison
             ... on level 1 of the Dungeon.
             The game lasted 00:01:22 (437 turns).

GigaChad the Trooper (Minotaur Fighter)              Turns: 437, Time: 00:01:22

Health: -2/27      AC:  7    Str: 20    XL:     2   Next: 55%
Magic:  1/1        EV:  9    Int:  5    God:
Gold:   0          SH:  4    Dex:  9    Spells: 1/1 levels left

rFire   . . .      SeeInvis .   a - +0 long sword
rCold   . . .      Faith    .   c - +0 buckler
rNeg    . . .      Spirit   .   b - +0 scale mail
rPois   .          Reflect  .   (helmet restricted)
rElec   .          Harm     .   (no cloak)
rCorr   .          Rampage  .   (no gloves)
Will    .....                   (no boots)
Stlth   ..........              (no amulet)
HPRegen 0.09/turn               (no ring)
MPRegen 0.07/turn               (no ring)

@: lethally poisoned (-2 -> -15)
A: horns 2, retaliatory headbutt
a: no special abilities


You were on level 1 of the Dungeon.
You visited 1 branch of the dungeon, and saw 1 of its levels.

Inventory:

Hand Weapons
 a - a +0 long sword (weapon)
Armour
 b - a +0 scale mail (worn)
 c - a +0 buckler (worn)
 e - an orb of mayhem
Scrolls
 g - 2 scrolls of teleportation {unknown}
Potions
 d - 2 potions of might
 f - a potion of brilliance {unknown}
 h - a potion of degeneration {unknown}
 i - a potion of haste {unknown}


   Skills:
 + Level 4.0 Fighting
 + Level 2.7 Long Blades
 + Level 3.9 Armour
 + Level 4.0 Shields


You had one spell level left.
You didn't know any spells.
Your spell library was empty.

Dungeon Overview and Level Annotations

Branches:
Dungeon (1/15)

Altars:


Innate Abilities, Weirdness & Mutations

You have a pair of horns on your head.
You reflexively headbutt those who attack you in melee.


Message History

The rat bites you but does no damage.
You slash the rat!
You kill the rat!
You see here a rat corpse.
You open the door.
A goblin comes into view. It is wielding a +0 dagger of venom.
The goblin shouts!
The goblin moves out of view.
Found a thin jasper amulet.
A rat comes into view.
There is an open door here.
A rat comes into view.
The rat bites you but does no damage. The goblin closely misses you.
The goblin hits you with a +0 dagger of venom.
You are poisoned.
You hit the rat but do no damage. Your headbutt misses the rat.
You feel very sick. The rat closely misses you. You furiously retaliate!
You headbutt the rat.
You kill the rat!
The rat bites you but does no damage. The goblin hits you but does no damage.
You are more poisoned.
Your Shields skill increases to level 4!
You hit the rat.
You kill the rat!
You feel very sick. The goblin hits you but does no damage.
You are lethally poisoned!
The goblin hits you with a +0 dagger of venom.
You feel very sick.
The goblin hits you with a +0 dagger of venom.
* * * LOW HITPOINT WARNING * * *
You see here a rat corpse.
You barely miss the goblin.
* * * LOW HITPOINT WARNING * * *
You feel very sick. The goblin completely misses you. You furiously retaliate!
You headbutt the goblin, but do no damage.
You hit the goblin.
The goblin is severely wounded.
You die...

+.# #.# #.†...#
#....†...#
#.###.# #######
#.########
#.....# #.#
#.>####
######### #.#
'.## #.......#
#.# #........
+...."..# #.#
#.#######
#.......# #.#
#.#
#.....g.#####.#
#.#
#.....@.'.....#
#.#
##......#######
#.. ##.#......
### #.########
#


You could see a goblin.

Vanquished Creatures
  A dart slug (D:1)
  An endoplasm (D:1)
  A giant cockroach (D:1)
  A goblin (D:1)
  2 hobgoblins (D:1)
  4 kobolds (D:1)
  A bat (D:1)
  A frilled lizard (D:1)
  5 rats (D:1)
17 creatures vanquished.

Notes
Turn   | Place    | Note
-------+----------+-------------------------------------------
     0 | D:1      | GigaChad the Minotaur Fighter began the quest for the Orb.
     0 | D:1      | Reached XP level 1. HP: 19/19 MP: 0/0
   149 | D:1      | Reached XP level 2. HP: 27/27 MP: 1/1
   437 | D:1      | Succumbed to a goblin's poison

Illustrated notes

Levels and vault maps discovered:
D:1:      heliophobic_arrival_battle_scene, layout_basic

Skill      XL: |  1  2 |
---------------+-------+-----
Fighting       | 4 |  4.0
Shields        | 4 |  4.0
Long Blades    | |  2.7
Armour         | |  3.9

Action                   || total
-------------------------++-------
Melee: Long sword        ||    28
       Headbutt          ||     3
Armor: Scale mail        ||    14
Dodge: Dodged            ||     8
Block: Buckler           ||     2
